 Dungeon Crawl Stone Soup version 0.31-a0-437-g7cee417757 (console) character file.

Game seed: 6787875991319851921

77 Ignak the Ogre Mage (level 4, 0/41 HPs)
             Began as an Ogre Hedge Wizard on Aug 2, 2023.
             Slain by Terence
             ... wielding a +0 trident
              (3 damage)
             ... on level 2 of the Dungeon.
             The game lasted 00:05:35 (1818 turns).

Ignak the Ogre Mage (Ogre Hedge Wizard)             Turns: 1818, Time: 00:05:36

Health: 0/41       AC:  3    Str: 14    XL:     4   Next: 33%
Magic:  4/9        EV: 10    Int: 17    God:
Gold:   40         SH:  0    Dex:  8    Spells: 2/10 levels left

rFire   . . .        g - +0 hand axe
rCold   . . .        (no shield)
rNeg    . . .        b - +0 robe
rPois   .            c - melded +0 hat
rElec   .            (cloak currently unavailable)
rCorr   .            (gloves unavailable)
SInv    .            (boots unavailable)
Will    +....        (no amulet)
Stlth   +            l - ring of willpower
HPRegen 0.26/turn    (no ring)
MPRegen 0.11/turn

%: no passive effects
@: beast-form
A: beast (slay +0), large, unfitting armour, tough skin 1
a: Begin Untransformation


You were on level 2 of the Dungeon.
You were a hulking beast.
You visited 1 branch of the dungeon, and saw 2 of its levels.

You collected 40 gold pieces.

Inventory:

Hand Weapons
 f - a +0 club
 g - a +0 hand axe (weapon)
Armour
 b - a +0 robe (worn)
 c - a +0 hat (melded)
Jewellery
 l - a ring of willpower (left hand)
Talismans
 a - a beast talisman (active)
Scrolls
 h - 2 scrolls of identify {unknown}
 i - a scroll of immolation {unknown}
 j - 2 scrolls of noise {unknown}
 m - a scroll of fog {unknown}
Potions
 d - a potion of magic
 e - a potion of curing {unknown}
 k - a potion of mutation {unknown}


   Skills:
 + Level 1.4 Fighting
 * Level 1.1 Maces & Flails
 + Level 2.3 Dodging
 - Level 1.4 Stealth
 + Level 0.8 Unarmed Combat
 + Level 3.9 Spellcasting
 + Level 1.4 Conjurations
 - Level 1.0 Summonings
 + Level 1.5 Translocations


You had 2 spell levels left.
You knew the following spells:

 Your Spells              Type           Power      Damage    Failure   Level
a - Magic Dart            Conj           32%        1d4       9%          1
b - Blink                 Tloc           16%        N/A       13%         2
d - Mephitic Cloud        Conj/Pois/Air  5%         N/A       36%         3
e - Call Imp              Summ           12%        N/A       16%         2

Your spell library contained the following spells:

 Spells                   Type           Power      Damage    Failure   Level
 Slow                     Hex            12%        N/A       16%         1
 Cigotuvi's Dreadful Rot  Necr/Pois/Air  6%         N/A       24%         2
 Portal Projectile        Hex/Tloc       10%        N/A       34%         3
 Tukima's Dance           Hex            3%         N/A       43%         3
 Iskenderun's Mystic Bla  Conj/Tloc      8%         2d4       63%         4


Dungeon Overview and Level Annotations

Branches:
Dungeon (2/15)

Altars:

Shops:
D:1 *

Annotations:
D:2 Terence


Innate Abilities, Weirdness & Mutations

You are a hulking beast.
Your limbs bulge with bestial killing power. (Slay +0)
You are too large for most types of armour.
You have tough skin. (AC +1)


Message History

Nothing appears to happen.
Terence hits you with a +0 trident.
Terence hits himself but does no damage.
You hit Terence.
Terence is lightly wounded.
Terence hits you with a +0 trident.
You barely miss Terence.
Terence is lightly wounded.
You barely miss Terence.
Terence is lightly wounded.
Terence hits you with a +0 trident.
Your magical contamination has completely faded away.
Casting: Call Imp (safe; 16% risk of failure)
Confirm with . or Enter, or press ? or * to list all spells.
A tiny devil pulls itself out of the air.
Terence hits you with a +0 trident!
Your cerulean imp hits Terence but does no damage.
Your cerulean imp hits Terence from afar with a -4 spear.
You hit Terence.
Terence is moderately wounded.
Terence cries.
Terence hits you with a +0 trident.
Your cerulean imp hits Terence but does no damage.
Terence hits you with a +0 trident.
You are too injured to fight recklessly!
You are too injured to fight recklessly!
You are too injured to fight recklessly!
You are too injured to fight recklessly!
You hit Terence but do no damage.
Terence is moderately wounded.
Your cerulean imp barely misses Terence.
Terence hits you with a +0 trident.
* * * LOW HITPOINT WARNING * * *
Your cerulean imp hits Terence from afar with a -4 spear.
Terence hits you with a +0 trident!
* * * LOW HITPOINT WARNING * * *
You swap places.
Terence seems less confused.
Your cerulean imp hits Terence but does no damage.
Terence hits you from afar with a +0 trident.
You die...

#.# ####......###.#
####.######.####.###.#
#..............#.....#
#.##.##..##....#.#####
#.##.##..##....#.#
##<##.....##....#<#
#####...###...##..÷...#
....).................#
#####..)###.....h..####
#... ##.## ######5###
#..# #.... #..@#
#######... #..... #.†.#
#......J.# ......# #..÷#
#........# . ##.....#
#...# ....##.J###.
....... #...#
#.#.##....<. ..#
#.####...####.#.# #.#.#
#....>...........###.#.##


You could see Terence (ally target) and a friendly cerulean imp (summoned).

Vanquished Creatures
  An adder (D:2)
  A dart slug (D:2)
  6 bats
  5 endoplasms
  3 giant cockroaches (D:2)
  7 goblins
  3 hobgoblins (D:1)
  4 jackals
  4 kobolds
  6 ball pythons
  3 frilled lizards (D:1)
  4 rats (D:1)
47 creatures vanquished.

Vanquished Creatures (collateral kills)
  A worm (D:2)
  An endoplasm (D:2)
  A hobgoblin (D:1)
  5 jackals
  A frilled lizard (D:2)
  A rat (D:1)
10 creatures vanquished.

Grand Total: 57 creatures vanquished

Notes
Turn   | Place    | Note
-------+----------+-------------------------------------------
     0 | D:1      | Ignak the Ogre Hedge Wizard began the quest for the Orb.
     0 | D:1      | Reached XP level 1. HP: 16/16 MP: 5/5
     6 | D:1      | Noticed a killer bee
     7 | D:1      | Noticed a komodo dragon
     7 | D:1      | Noticed an eight-headed hydra
   164 | D:1      | Reached skill level 1 in Conjurations
   164 | D:1      | Reached skill level 1 in Translocations
   228 | D:1      | Reached skill level 1 in Summonings
   269 | D:1      | Reached XP level 2. HP: 23/26 MP: 0/6
   296 | D:1      | Learned a level 2 spell: Blink
   299 | D:1      | Learned a level 2 spell: Call Imp
   412 | D:1      | Reached skill level 1 in Fighting
   527 | D:1      | Found Kumimosk's Assorted Antiques.
   637 | D:1      | Reached XP level 3. HP: 30/33 MP: 5/8
  1234 | D:1      | Learned a level 3 spell: Mephitic Cloud
  1555 | D:2      | Reached XP level 4. HP: 41/41 MP: 6/9
  1562 | D:2      | Reached skill level 1 in Maces & Flails
  1722 | D:2      | Noticed Terence
  1817 | D:2      | HP: 2/41 [Terence/+0 trident (10)]
  1818 | D:2      | Slain by Terence

Illustrated notes

Levels and vault maps discovered:
D:1:      onia_arrival_zoo_common, layout_basic, serial_shops, shop,
          minmay_misc_feat_secret_circle
D:2:      minmay_diamond_boxcup, layout_loops_cross, uniq_terence

Skill      XL: |  1  2  3  4 |
---------------+-------------+-----
Conjurations   | 1 |  1.4
Translocations | 1 |  1.5
Summonings     | 1 |  1.0
Fighting       | 1 |  1.4
Dodging        | 2 |  2.3
Maces & Flails | 1 |  1.1
Stealth        | |  1.4
Unarmed Combat | |  0.8
Spellcasting   | |  3.9

Action                     |  1- 3 |  4- 6 || total
---------------------------+-------+-------++-------
  Melee: Dagger            |    19 |       ||    19
         Hand axe          |   106 |    36 ||   142
         Club              |    14 |       ||    14
         Punch             |     1 |       ||     1
   Cast: Magic Dart        |    14 |       ||    14
         Call Imp          |     7 |     3 ||    10
         Mephitic Cloud    |       |     3 ||     3
         Blink             |       |     1 ||     1
Ability: Begin Untransform |     1 |     1 ||     2
    Use: Potion            |     1 |       ||     1
   Stab: Sleeping          |     1 |       ||     1
 Armour: Robe              |    64 |    17 ||    81
  Dodge: Dodged            |    72 |    28 ||   100
   Form: Beast             |     1 |     2 ||     3

Table legend: (Time is in decaauts)
 A = Elapsed time spent in this place.
 B = Non-inter-level travel time spent in this place.
 C = Inter-level travel time spent in this place.
 D = Time resting spent in this place.
 E = Time spent auto-exploring this place.
 F = Levels seen in this place.
 G = Mean time per level.
                   A        B        C        D        E       F      G
               +--------+--------+--------+--------+--------+-----+--------+
         Total |   1849 |   1842 |      7 |    212 |    880 |   2 |  924.5 |
       Dungeon |   1849 |   1842 |      7 |    212 |    880 |   2 |  924.5 |
               +--------+--------+--------+--------+--------+-----+--------+

Top non-repeatable levels by time:
     D:1: 1342 daAuts
     D:2: 506 daAuts
